 Dungeon Crawl Stone Soup version 0.31.0-11-ge490571c62 (webtiles) character file.

Game seed: 7140892446131518611

74 qw the Shooter (level 4, -2/22 HPs)
             Began as a Spriggan Hunter on Feb 3, 2024.
             Killed from afar by Ijyb (12 damage)
             ... with a bolt of dispelling energy
             ... on level 3 of the Dungeon.
             The game lasted 00:00:05 (1667 turns).

qw the Shooter (Spriggan Hunter)                    Turns: 1667, Time: 00:00:06

Health: -2/22      AC:  2    Str:  7    XL:     4   Next: 10%
Magic:  5/5        EV: 19    Int: 10    God:
Gold:   91         SH:  0    Dex: 20    Spells: 3/3 levels left

rFire   . . .        a - +1 shortbow (freeze)
rCold   . . .        (shield currently unavailable)
rNeg    . . .        c - +0 robe
rPois   .            (helmet restricted)
rElec   .            (no cloak)
rCorr   .            (gloves unavailable)
SInv    +            (boots unavailable)
Will    .....        d - amulet of the acrobat
Stlth   ++           (no ring)
HPRegen 0.23/turn    (no ring)
MPRegen 0.09/turn

%: acrobat
@: lethally poisoned (-2 -> -5), very quick
A: very small, no large weapons, unfitting armour, see invisible, speed 3
a: no special abilities


You were on level 3 of the Dungeon.
You visited 1 branch of the dungeon, and saw 3 of its levels.

You collected 91 gold pieces.


Innate Abilities, Weirdness & Mutations

You are very small and have problems with some larger weapons.
You are too small for most types of armour.
You have supernaturally acute eyesight. (SInv)
You cover ground extremely quickly. (Speed+++)


   Skills:
 - Level 1.5 Fighting
 - Level 5.1 Ranged Weapons
 + Level 4.1 Dodging
 - Level 1.5 Stealth


You had 3 spell levels left.
You didn't know any spells.
Your spell library was empty.

Inventory:

Hand Weapons
 a - a +1 shortbow of freezing (weapon)
Armour
 c - a +0 robe (worn)
Jewellery
 d - an amulet of the acrobat (around neck)
Wands
 h - a wand of digging (4)
Potions
 b - a potion of invisibility {unknown}
 e - a potion of mutation {unknown}
 f - a potion of enlightenment {unknown}
 g - a potion of heal wounds
 i - a potion of curing {unknown}
 j - a potion of haste {unknown}

Dungeon Overview and Level Annotations

Branches:
Dungeon (3/15)

Altars:

Shops:
D:1 *

Annotations:
D:3 Ijyb


Message History

There is a stone staircase leading up here.
Waypoint 2 assigned to D:3.
There is a stone staircase leading up here.
Ijyb the Twisted Goblin comes into view.
She is wielding a +3 dagger of venom and carrying a wand of quicksilver.
Found a leather armour.
Ijyb shouts!
A hobgoblin comes into view.
You shoot an arrow. The arrow barely misses the hobgoblin.
The hobgoblin shouts!
A rat comes into view.
You shoot an arrow. The arrow barely misses the hobgoblin.
The rat squeaks loudly.
You shoot an arrow. The arrow hits the hobgoblin!
The arrow freezes the hobgoblin.
You kill the hobgoblin!
You shoot an arrow. The arrow hits Ijyb.
The arrow freezes Ijyb.
Ijyb is moderately wounded.
You shoot an arrow. The arrow hits Ijyb but does no damage.
Ijyb is moderately wounded.
You shoot an arrow. The arrow hits Ijyb but does no damage.
Ijyb is moderately wounded.
Ijyb hits you with a +3 dagger of venom.
You are poisoned.
You shoot an arrow. The arrow barely misses Ijyb.
You feel very sick. Ijyb completely misses you.
You shoot an arrow. The arrow closely misses Ijyb.
You feel sick. Ijyb closely misses you. The rat misses you. Ijyb misses you.
The rat completely misses you.
You shoot an arrow. The arrow closely misses Ijyb.
You feel sick. The rat closely misses you.
Ijyb hits you with a +3 dagger of venom.
You shoot an arrow. The arrow hits Ijyb.
The arrow freezes Ijyb.
Ijyb is heavily wounded.
You feel sick. Ijyb barely misses you. The rat misses you.
You shoot an arrow. The arrow barely misses Ijyb.
You feel sick. The rat misses you.
Ijyb zaps a wand.
The bolt of dispelling energy hits you!
Ouch! That really hurt!
You die...

##### ###.... #......
#.#.### # #.#.##. #.
#.#.##. .. #.#.##.
#.############.#.##.
#.g@...........#....
#..r#################
#... #.. ..... #.#
..###.# #.# . .[ #..
### ###


You could see Ijyb and a rat.

Vanquished Creatures
  2 adders (D:2)
  4 ball pythons
  4 bats
  An endoplasm (D:2)
  2 giant cockroaches
  7 goblins
  7 hobgoblins
  7 jackals (D:1)
  3 frilled lizards
  7 kobolds
  5 rats
49 creatures vanquished.

Notes
Turn   | Place    | Note
-------+----------+-------------------------------------------
     0 | D:1      | qw the Spriggan Hunter began the quest for the Orb.
     0 | D:1      | Reached XP level 1. HP: 10/10 MP: 2/2
     0 | D:1      | 0 ||| qw: Version: 0.3-a-157-g843a77d
     0 | D:1      | 0 ||| qw: Game counter: 3554
     0 | D:1      | 0 ||| qw: Melee chars always use a shield: true
     0 | D:1      | 0 ||| qw: God list: Okawaru
     0 | D:1      | 0 ||| qw: Allow faded altars: false
     0 | D:1      | 0 ||| qw: Do Orc after clearing Dungeon:15 true
     0 | D:1      | 0 ||| qw: Do second Lair branch before Depths: true
     0 | D:1      | 0 ||| qw: Lair rune preference: random
     0 | D:1      | 0 ||| qw: Goals: Normal
     0 | D:1      | 0 ||| PLANNING D:1-11
    39 | D:1      | Reached skill level 3 in Dodging
   212 | D:1      | Reached XP level 2. HP: 14/14 MP: 3/3
   476 | D:1      | Found Plog's General Store.
   484 | D:1      | 484 ||| SHOPLISTING potion of curing (42 gold, have 12).
   484 | D:1      | 484 ||| SHOPLISTING potion of haste (140 gold, have 12).
   484 | D:1      | 484 ||| SHOPLISTING scroll of teleportation (42 gold, have
                  | 12).
   828 | D:1      | Reached XP level 3. HP: 18/18 MP: 4/4
   999 | D:1      | 999 ||| UPGRADING to amulet of the acrobat.
  1004 | D:1      | 1004 ||| READING scroll labelled HUDOTU LOTU.
  1004 | D:1      | 1004 ||| BRANDING +0 shortbow.
  1005 | D:1      | 1005 ||| DROPPING scroll of butterflies.
  1118 | D:2      | HP: 4/18 [hobgoblin (2)]
  1119 | D:2      | HP: 1/18 [hobgoblin (4)]
  1215 | D:2      | 1215 ||| FLEEEEING.
  1216 | D:2      | 1216 ||| FLEEEEING.
  1217 | D:2      | 1217 ||| FLEEEEING.
  1218 | D:2      | 1218 ||| FLEEEEING.
  1220 | D:2      | 1220 ||| FLEEEEING.
  1221 | D:2      | 1221 ||| FLEEEEING.
  1223 | D:2      | 1223 ||| FLEEEEING.
  1224 | D:2      | 1224 ||| FLEEEEING.
  1225 | D:2      | 1225 ||| FLEEEEING.
  1227 | D:2      | 1227 ||| FLEEEEING.
  1339 | D:2      | Reached skill level 5 in Ranged Weapons
  1368 | D:2      | Found a faded altar of an unknown god.
  1377 | D:2      | Reached XP level 4. HP: 21/22 MP: 5/5
  1581 | D:2      | 1581 ||| READING scroll labelled QELUTZ BIYRI.
  1581 | D:2      | 1581 ||| ENCHANTING +0 shortbow of freezing.
  1582 | D:2      | 1582 ||| DRINKING 2 viscous puce potions.
  1656 | D:3      | Noticed Ijyb
  1667 | D:3      | Killed from afar by Ijyb

Levels and vault maps discovered:
D:1:      co_arrival_random_square_maze, layout_basic, serial_shops, shop
D:2:      layout_rooms, dreamdust_ecumenical_altar_statues,
          kennysheep_generic_room_15
D:3:      layout_basic, serial_shops, nicolae_shop_tiny_waterfront,
          uniq_natasha, uniq_grinder, uniq_ijyb, uniq_terence

Skill      XL: |  1  2  3 |
---------------+----------+-----
Dodging        | 3 4 |  4.1
Ranged Weapons | 5 |  5.1
Fighting       | |  1.5
Stealth        | |  1.5

Action                     |  1- 3 |  4- 6 || total
---------------------------+-------+-------++-------
   Fire: Shortbow          |   123 |    20 ||   143
    Use: Scroll            |     1 |     1 ||     2
         Potion            |       |     1 ||     1
 Armour: Robe              |    16 |     3 ||    19
  Dodge: Dodged            |    42 |     9 ||    51

Table legend:
 A = Non-vault XP
 B = Vault XP
 C = Vault XP percentage of total XP
 D = Non-vault monster count
 E = Vault monster count
 F = Vault count percentage of total count
                 A         B        C        D         E       F
            +---------+---------+-------+---------+---------+-------
      Total |     105 |       2 |   1.9 |      48 |       1 |   2.0
            +---------+---------+-------+---------+---------+-------
        D:1 |      47 |       0 |   0.0 |      28 |       0 |   0.0
        D:2 |      56 |       2 |   3.4 |      19 |       1 |   5.0
        D:3 |       2 |       0 |   0.0 |       1 |       0 |   0.0
            +---------+---------+-------+---------+---------+-------
